Blues vs Predators

Created - October 9, 2015 at 18:13

Goals
1 2 3 T
Blues 1 2 3 6
Predators 1 1 2 4
Shots
1 2 3 T
Blues 13 11 10 34
Predators 10 7 12 29

1st period

1. Blues , Jussi Jokinen 1 (Jay McClement) at 5:12
2. Predators , Artem Anisimov 1 (Jaden Schwartz, Anton Stralman) at 13:52

Penalties :
Matt Irwin (STL) for Slashing (Minor) at 1:10, Mike Weaver (STL) for Hooking (Minor) at 3:12, Derick Brassard (NSH) for Hooking (Minor) at 6:42, Johnny Boychuk (STL) for High sticking (Minor) at 6:42

2nd period

3. Blues , Rick Nash 1 (Mike Fisher, Marian Hossa) at 1:50
4. Blues , Johnny Boychuk 1 (Jussi Jokinen, Jiri Hudler) at 17:09 (PP)
5. Predators , Max Pacioretty 1 (Zach Bogosian, Derick Brassard) at 19:05

Penalties :
Max Pacioretty (NSH) for Hooking (Minor) at 3:42, Cody Franson (NSH) for Slashing (Double Minor) at 14:14, Nicklas Backstrom (NSH) for Tripping (Minor) at 18:19, Matt Irwin (STL) for Boarding (Minor) at 18:19

3rd period

6. Blues , Rick Nash 2 (Marian Hossa) at 2:16 (PP)
7. Predators , Derick Brassard 1 (Artem Anisimov, Jaden Schwartz) at 3:27
8. Blues , Lee Stempniak 1 (Mike Weaver, Jay McClement) at 10:33
9. Predators , Jaden Schwartz 2 (Artem Anisimov, Max Pacioretty) at 15:47 (PP)
10. Blues , Lee Stempniak 2 (Matt Carle, Clarke MacArthur) at 16:23

Penalties :
Zach Bogosian (NSH) for Hooking (Minor) at 0:23, Jay McClement (STL) for High sticking (Minor) at 12:53, Mike Weaver (STL) for Interference (Minor) at 15:11, Zbynek Michalek (NSH) for Hooking (Minor) at 17:27

Goalie Stats

Antti Niemi (STL), 25 saves from 29 shots - (0.862), W, 1-1-0, 60:00 minutes
Pekka Rinne (NSH), 28 saves from 34 shots - (0.824), L, 0-2-0, 60:00 minutes

Players Stats for Blues

Player Name              G  A  P  +/- PIM S  H  SB GA TA FO     MP     PP MP  PK MP  
------------------------------------------------------------------------------------
Cal Clutterbuck          0  0  0   0  0   0  0  0  0  0  0/1     3:04   0:00   0:00 
Carl Gunnarsson          0  0  0  -1  0   1  0  3  0  0  0/0    21:20   4:21   3:02 
Clarke MacArthur         0  1  1   1  0   3  1  0  0  0  1/1    13:18   0:00   0:00 
Jay McClement            0  2  2   1  2   3  0  0  0  0  14/21  15:44   0:00   2:27 
Jiri Hudler              0  1  1   0  0   5  0  0  0  0  10/24  19:41   3:38   3:14 
Joakim Andersson         0  0  0   0  0   1  0  0  0  0  0/3     3:31   0:00   0:27 
Johnny Boychuk           1  0  1  -1  2   1  3  2  0  0  0/0    23:33   4:25   3:31 
Jussi Jokinen            1  1  2   0  0   5  0  0  0  0  0/0    22:39   3:38   3:43 
Lee Stempniak            2  0  2   1  0   2  1  0  0  0  0/0    13:18   0:00   0:00 
Marian Hossa             0  2  2   0  0   1  0  1  0  0  1/3    20:38   5:08   0:00 
Matt Carle               0  1  1   1  0   1  0  0  0  0  0/0    23:52   4:25   3:31 
Matt Irwin               0  0  0   1  4   0  1  0  0  0  0/0    16:42   4:21   0:00 
Michael Raffl            0  0  0   0  0   2  2  0  0  0  2/2    14:37   3:38   0:00 
Mike Fisher              0  1  1   0  0   6  1  0  0  0  19/37  23:53   5:08   3:15 
Mike Weaver              0  1  1   1  4   0  1  1  0  0  0/0    14:30   0:00   0:00 
Rick Nash                2  0  2   1  0   3  0  0  0  0  0/0    19:05   5:08   0:00 
Tim Erixon               0  0  0   0  0   0  0  0  0  0  0/0     3:09   0:00   0:00 
Tyson Strachan           0  0  0   1  0   0  1  0  0  0  0/0    16:49   0:00   3:02 

Players Stats for Predators

Player Name              G  A  P  +/- PIM S  H  SB GA TA FO     MP     PP MP  PK MP  
------------------------------------------------------------------------------------
Anton Stralman           0  1  1   0  0   0  0  1  0  0  0/0    23:48   3:10   5:41 
Artem Anisimov           1  2  3   1  0   1  0  0  0  0  0/0    15:50   3:23   0:00 
Brandon Prust            0  0  0  -1  0   1  0  0  0  0  0/0     4:16   0:00   0:00 
Cody Franson             0  0  0   0  4   0  1  0  0  0  0/0    18:40   3:23   3:16 
Derick Brassard          1  1  2   2  2   1  2  0  0  0  14/28  17:12   3:15   0:00 
J.T. Miller              0  0  0  -1  0   1  0  0  0  0  0/1     5:30   0:00   1:14 
Jaden Schwartz           1  2  3   1  0   8  0  2  0  0  0/1    22:20   3:15   5:36 
Joe Colborne             0  0  0  -2  0   0  1  0  0  0  0/2    13:50   0:00   2:24 
Kevin Hayes              0  0  0  -2  0   0  0  0  0  0  1/1    11:26   0:00   0:00 
Max Pacioretty           1  1  2   1  2   4  3  0  0  0  0/2    18:44   3:15   0:00 
Nicklas Backstrom        0  0  0   0  2   5  0  1  0  0  23/39  23:12   3:18   5:56 
Oscar Klefbom            0  0  0  -1  0   0  1  0  0  0  0/0    16:50   0:00   0:00 
Roman Josi               0  0  0  -1  0   4  0  1  0  0  0/0    22:11   3:10   1:19 
T.J. Oshie               0  0  0   0  0   2  2  0  0  0  1/2    16:54   3:18   0:00 
Valtteri Filppula        0  0  0  -2  0   0  0  0  0  0  6/13   17:06   3:18   2:22 
Vladislav Namestnikov    0  0  0  -1  0   2  0  0  0  0  0/3     4:16   0:00   0:00 
Zach Bogosian            0  1  1   0  2   0  2  0  0  0  0/0    19:22   0:00   3:34 
Zbynek Michalek          0  0  0   0  2   0  0  4  0  0  0/0    15:43   0:00   3:42 

3 Stars

1 - Lee Stempniak (STL)
2 - Jaden Schwartz (NSH)
3 - Artem Anisimov (NSH)

Power Play

Blues - 2 on 5 Attempt(s) - 40.00%
Predators - 1 on 4 Attempt(s) - 25.00%

Penalty Kill

Blues - 3 on 4 Attempt(s) - 75.00% - Score 0 goal in Penalty Kill
Predators - 3 on 5 Attempt(s) - 60.00% - Score 0 goal in Penalty Kill

Team Stat

Blues - Hits : 11 - Faceoff Wins : 47 - Blocked Shots : 7 - Penalty Minutes : 12
Predators - Hits : 12 - Faceoff Wins : 45 - Blocked Shots : 9 - Penalty Minutes : 14

Official

Referees : Evgeny Romasko and Francois St. Laurent
Linesman : Jean Morin and Scott Driscoll

Game Notes

No Game Note

Finance

Level 1 -- Attendance: 4447 (68.42%) -- Ticket Income $533,640
Level 2 -- Attendance: 4566 (91.32%) -- Ticket Income $365,280
Level 3 -- Attendance: 3164 (90.40%) -- Ticket Income $158,200
Level 4 -- Attendance: 1113 (100.00%) -- Ticket Income $46,746
Luxury Box -- Attendance: 925 (92.50%) -- Ticket Income $171,125
Game was played at the Bridgestone Arena.
Total Attendance: 14215 (83.07%)
Total Ticket Income: $1,274,991
Other Income: $191,249
Total Income: $1,466,240

% Time on Ice - Blues

Lines # - Real PCT - Wanted PCT - Time Play
Normal Forward
1 - 33% - 31% - 13:22
2 - 27% - 29% - 10:59
3 - 33% - 28% - 13:18
4 - 8% - 12% - 3:04
Normal Defense
1 - 30% - 35% - 12:08
2 - 34% - 33% - 13:47
3 - 30% - 32% - 12:23
4 - 6% - 0% - 2:25
PP Forward
1 - 59% - 60% - 5:08
2 - 41% - 40% - 3:38
PP Defense
1 - 50% - 62% - 4:25
2 - 50% - 38% - 4:21
PK Forward
1 - 43% - 50% - 2:50
2 - 57% - 50% - 3:43
PK Defense
1 - 54% - 51% - 3:31
2 - 46% - 49% - 3:02
PK3 Forward
1 - 0% - 51%
2 - 0% - 49%
PK3 Defense
1 - 0% - 51%
2 - 0% - 49%
44 Forward
1 - 54% - 51% - 2:08
2 - 46% - 49% - 1:50
44 Defense
1 - 46% - 51% - 1:49
2 - 54% - 49% - 2:09
Last Minute Offensive  - 0:00
Last Minute Defensive  - 0:00
Total
Forward - 60:00
Defense - 60:00

% Time on Ice - Predators

Lines # - Real PCT - Wanted PCT - Time Play
Normal Forward
1 - 31% - 34% - 12:34
2 - 31% - 32% - 12:27
3 - 28% - 24% - 11:26
4 - 10% - 10% - 4:16
Normal Defense
1 - 37% - 33% - 15:00
2 - 31% - 32% - 12:49
3 - 30% - 25% - 12:02
4 - 2% - 10% - 0:52
PP Forward
1 - 50% - 54% - 3:18
2 - 50% - 46% - 3:15
PP Defense
1 - 48% - 60% - 3:10
2 - 52% - 40% - 3:23
PK Forward
1 - 78% - 60% - 6:50
2 - 22% - 40% - 1:56
PK Defense
1 - 63% - 60% - 5:32
2 - 37% - 40% - 3:14
PK3 Forward
1 - 0% - 60%
2 - 0% - 40%
PK3 Defense
1 - 0% - 60%
2 - 0% - 40%
44 Forward
1 - 88% - 60% - 3:30
2 - 12% - 40% - 0:28
44 Defense
1 - 46% - 60% - 1:50
2 - 54% - 40% - 2:08
Last Minute Offensive  - 0:00
Last Minute Defensive  - 0:00
Total
Forward - 60:00
Defense - 60:00

Play by Play

1st period


0:01 of 1st period - Mike Fisher wins face-off versus Nicklas Backstrom in neutral zone.
0:13 of 1st period - Icing by Roman Josi.
0:14 of 1st period - Nicklas Backstrom wins face-off versus Jiri Hudler in Predators zone.
0:24 of 1st period - Shot by Nicklas Backstrom.
0:24 of 1st period - Shot Misses the Net.
0:32 of 1st period - Matt Carle is hit by Max Pacioretty and loses puck.
0:42 of 1st period - Jiri Hudler is hit by Oscar Klefbom and loses puck.
0:46 of 1st period - Icing by T.J. Oshie.
0:47 of 1st period - Nicklas Backstrom wins face-off versus Jay McClement in Predators zone.
0:53 of 1st period - Icing by Roman Josi.
0:54 of 1st period - Clarke MacArthur wins face-off versus T.J. Oshie in Predators zone.
1:10 of 1st period - Minor Penalty to Matt Irwin for Slashing.
1:11 of 1st period - Derick Brassard wins face-off versus Mike Fisher in Blues zone.
1:14 of 1st period - Shot by Jaden Schwartz.
1:14 of 1st period - Stopped by Antti Niemi with a rebound.
2:10 of 1st period - Shot by Roman Josi.
2:10 of 1st period - Stopped by Antti Niemi without a rebound.
2:11 of 1st period - Nicklas Backstrom wins face-off versus Mike Fisher in Blues zone.
2:38 of 1st period - Shot by Nicklas Backstrom.
2:38 of 1st period - Stopped by Antti Niemi without a rebound.
2:39 of 1st period - Jay McClement wins face-off versus Derick Brassard in Blues zone.
2:45 of 1st period - Icing by Artem Anisimov.
2:46 of 1st period - Mike Fisher wins face-off versus Derick Brassard in Predators zone.
2:57 of 1st period - Shot by Mike Fisher.
2:57 of 1st period - Stopped by Pekka Rinne without a rebound.
2:58 of 1st period - Nicklas Backstrom wins face-off versus Jay McClement in Predators zone.
3:00 of 1st period - Icing by T.J. Oshie.
3:01 of 1st period - Jay McClement wins face-off versus Nicklas Backstrom in Predators zone.
3:12 of 1st period - Minor Penalty to Mike Weaver for Hooking.
3:13 of 1st period - Mike Fisher wins face-off versus Valtteri Filppula in Blues zone.
3:41 of 1st period - Shot by Nicklas Backstrom.
3:41 of 1st period - Stopped by Antti Niemi with a rebound.
5:08 of 1st period - Icing by Cody Franson.
5:09 of 1st period - Jay McClement wins face-off versus Derick Brassard in Predators zone.
5:12 of 1st period - Shot by Jussi Jokinen.
5:12 of 1st period - Goal by Jussi Jokinen - Blues : 1 - Predators : 0.
5:13 of 1st period - Mike Fisher wins face-off versus Vladislav Namestnikov in neutral zone.
5:44 of 1st period - Shot by Vladislav Namestnikov.
5:44 of 1st period - Stopped by Antti Niemi without a rebound.
5:45 of 1st period - Jay McClement wins face-off versus Joe Colborne in Blues zone.
6:08 of 1st period - Shot by Jay McClement.
6:08 of 1st period - Shot Misses the Net.
6:29 of 1st period - Shot by Valtteri Filppula.
6:29 of 1st period - Deflect By Joe Colborne.
6:29 of 1st period - Shot Blocked by Carl Gunnarsson.
6:39 of 1st period - Shot by Jaden Schwartz.
6:39 of 1st period - Shot Misses the Net.
6:41 of 1st period - Shot by Derick Brassard.
6:41 of 1st period - Shot Blocked by Johnny Boychuk.
6:42 of 1st period - Minor Penalty to Derick Brassard for Hooking.
6:42 of 1st period - Minor Penalty to Johnny Boychuk for High sticking.
6:43 of 1st period - Nicklas Backstrom wins face-off versus Mike Fisher in Blues zone.
6:48 of 1st period - Shot by Max Pacioretty.
6:48 of 1st period - Shot Blocked by Marian Hossa.
6:50 of 1st period - Shot by Max Pacioretty.
6:50 of 1st period - Stopped by Antti Niemi without a rebound.
6:51 of 1st period - Mike Fisher wins face-off versus Nicklas Backstrom in Blues zone.
6:58 of 1st period - Shot by Mike Fisher.
6:58 of 1st period - Stopped by Pekka Rinne without a rebound.
6:59 of 1st period - Nicklas Backstrom wins face-off versus Jiri Hudler in Predators zone.
7:10 of 1st period - Shot by Max Pacioretty.
7:10 of 1st period - Stopped by Antti Niemi without a rebound.
7:11 of 1st period - Mike Fisher wins face-off versus Nicklas Backstrom in Blues zone.
7:16 of 1st period - Shot by Marian Hossa.
7:16 of 1st period - Shot Blocked by Anton Stralman.
8:55 of 1st period - Shot by Jay McClement.
8:55 of 1st period - Stopped by Pekka Rinne without a rebound.
8:56 of 1st period - Mike Fisher wins face-off versus Vladislav Namestnikov in Predators zone.
8:57 of 1st period - Shot by Rick Nash.
8:57 of 1st period - Shot Misses the Net.
9:07 of 1st period - Shot by Rick Nash.
9:07 of 1st period - Stopped by Pekka Rinne with a rebound.
10:40 of 1st period - Shot by Jiri Hudler.
10:40 of 1st period - Shot Misses the Net.
11:04 of 1st period - Shot by Jiri Hudler.
11:04 of 1st period - Shot Misses the Net.
11:12 of 1st period - Shot by Jiri Hudler.
11:12 of 1st period - Deflect By Jussi Jokinen.
11:12 of 1st period - Stopped by Pekka Rinne with a rebound.
11:30 of 1st period - Shot by Clarke MacArthur.
11:30 of 1st period - Deflect By Jay McClement.
11:30 of 1st period - Stopped by Pekka Rinne without a rebound.
11:31 of 1st period - Kevin Hayes wins face-off versus Jay McClement in Predators zone.
12:10 of 1st period - Shot by Clarke MacArthur.
12:10 of 1st period - Shot Misses the Net.
12:12 of 1st period - Shot by Lee Stempniak.
12:12 of 1st period - Shot Misses the Net.
12:14 of 1st period - Shot by Carl Gunnarsson.
12:14 of 1st period - Stopped by Pekka Rinne without a rebound.
12:15 of 1st period - Nicklas Backstrom wins face-off versus Joakim Andersson in Predators zone.
12:37 of 1st period - Shot by Nicklas Backstrom.
12:37 of 1st period - Stopped by Antti Niemi with a rebound.
13:21 of 1st period - Icing by T.J. Oshie.
13:22 of 1st period - Jay McClement wins face-off versus Nicklas Backstrom in Predators zone.
13:25 of 1st period - Shot by Clarke MacArthur.
13:25 of 1st period - Shot Misses the Net.
13:27 of 1st period - Shot by Jay McClement.
13:27 of 1st period - Stopped by Pekka Rinne without a rebound.
13:28 of 1st period - Jay McClement wins face-off versus Derick Brassard in Predators zone.
13:34 of 1st period - Artem Anisimov is hit by Lee Stempniak and loses puck.
13:39 of 1st period - Clarke MacArthur is hit by Derick Brassard and loses puck.
13:49 of 1st period - Jaden Schwartz is hit by Mike Weaver and loses puck.
13:52 of 1st period - Shot by Artem Anisimov.
13:52 of 1st period - Goal by Artem Anisimov - Blues : 1 - Predators : 1.
13:53 of 1st period - Jiri Hudler wins face-off versus Valtteri Filppula in neutral zone.
14:15 of 1st period - Cody Franson is hit by Michael Raffl and loses puck.
14:28 of 1st period - Icing by Jussi Jokinen.
14:29 of 1st period - Michael Raffl wins face-off versus Derick Brassard in Blues zone.
14:29 of 1st period - Johnny Boychuk is hit by Derick Brassard and loses puck.
15:03 of 1st period - Artem Anisimov is hit by Johnny Boychuk and loses puck.
15:06 of 1st period - Shot by Artem Anisimov.
15:06 of 1st period - Shot Blocked by Carl Gunnarsson.
15:30 of 1st period - Shot by Nicklas Backstrom.
15:30 of 1st period - Stopped by Antti Niemi without a rebound.
15:31 of 1st period - Valtteri Filppula wins face-off versus Mike Fisher in Blues zone.
15:58 of 1st period - Shot by Marian Hossa.
15:58 of 1st period - Shot Blocked by Zbynek Michalek.
16:00 of 1st period - Shot by Rick Nash.
16:00 of 1st period - Shot Misses the Net.
16:15 of 1st period - Shot by Rick Nash.
16:15 of 1st period - Shot Misses the Net.
16:33 of 1st period - Shot by Clarke MacArthur.
16:33 of 1st period - Shot Misses the Net.
16:35 of 1st period - Shot by Jay McClement.
16:35 of 1st period - Shot Misses the Net.
16:45 of 1st period - Shot by Clarke MacArthur.
16:45 of 1st period - Shot Misses the Net.
16:47 of 1st period - Shot by Clarke MacArthur.
16:47 of 1st period - Shot Blocked by Zbynek Michalek.
16:49 of 1st period - Shot by Matt Irwin.
16:49 of 1st period - Shot Misses the Net.
16:51 of 1st period - Shot by Clarke MacArthur.
16:51 of 1st period - Shot Misses the Net.
16:53 of 1st period - Shot by Clarke MacArthur.
16:53 of 1st period - Stopped by Pekka Rinne without a rebound.
16:54 of 1st period - Derick Brassard wins face-off versus Joakim Andersson in Predators zone.
17:05 of 1st period - Shot by Joakim Andersson.
17:05 of 1st period - Stopped by Pekka Rinne without a rebound.
17:06 of 1st period - Mike Fisher wins face-off versus Nicklas Backstrom in Predators zone.
17:25 of 1st period - Shot by Mike Fisher.
17:25 of 1st period - Stopped by Pekka Rinne without a rebound.
17:26 of 1st period - Derick Brassard wins face-off versus Jay McClement in Predators zone.
17:55 of 1st period - Shot by Clarke MacArthur.
17:55 of 1st period - Stopped by Pekka Rinne without a rebound.
17:56 of 1st period - Michael Raffl wins face-off versus Max Pacioretty in Predators zone.
18:13 of 1st period - Shot by Max Pacioretty.
18:13 of 1st period - Shot Misses the Net.
18:33 of 1st period - Shot by T.J. Oshie.
18:33 of 1st period - Shot Misses the Net.
18:35 of 1st period - Shot by Max Pacioretty.
18:35 of 1st period - Shot Misses the Net.
19:28 of 1st period - Shot by Rick Nash.
19:28 of 1st period - Shot Misses the Net.
19:41 of 1st period - Shot by Derick Brassard.
19:41 of 1st period - Shot Misses the Net.
19:45 of 1st period - Shot by Derick Brassard.
19:45 of 1st period - Shot Misses the Net.
19:47 of 1st period - Shot by Jaden Schwartz.
19:47 of 1st period - Shot Misses the Net.
Goals for this period are 1 for Blues vs 1 for Predators.
Shots for this period are 13 for Blues vs 10 for Predators.

2nd period


0:01 of 2nd period - Derick Brassard wins face-off versus Jiri Hudler in neutral zone.
0:04 of 2nd period - Shot by Jaden Schwartz.
0:04 of 2nd period - Stopped by Antti Niemi without a rebound.
0:05 of 2nd period - Jiri Hudler wins face-off versus Derick Brassard in Blues zone.
0:12 of 2nd period - Shot by Jiri Hudler.
0:12 of 2nd period - Shot Misses the Net.
0:26 of 2nd period - Shot by Jiri Hudler.
0:26 of 2nd period - Shot Misses the Net.
0:28 of 2nd period - Shot by Michael Raffl.
0:28 of 2nd period - Shot Misses the Net.
0:40 of 2nd period - Shot by Jussi Jokinen.
0:40 of 2nd period - Shot Misses the Net.
0:42 of 2nd period - Shot by Jussi Jokinen.
0:42 of 2nd period - Deflect By Michael Raffl.
0:42 of 2nd period - Stopped by Pekka Rinne without a rebound.
0:43 of 2nd period - Jay McClement wins face-off versus Nicklas Backstrom in Predators zone.
1:23 of 2nd period - Roman Josi is hit by Clarke MacArthur and loses puck.
1:48 of 2nd period - Shot by Mike Fisher.
1:48 of 2nd period - Shot Misses the Net.
1:50 of 2nd period - Shot by Rick Nash.
1:50 of 2nd period - Goal by Rick Nash - Blues : 2 - Predators : 1.
1:51 of 2nd period - Derick Brassard wins face-off versus Jiri Hudler in neutral zone.
2:00 of 2nd period - Shot by Jussi Jokinen.
2:00 of 2nd period - Stopped by Pekka Rinne without a rebound.
2:01 of 2nd period - Mike Fisher wins face-off versus Valtteri Filppula in Predators zone.
2:01 of 2nd period - Marian Hossa is hit by Zach Bogosian and loses puck.
2:28 of 2nd period - Marian Hossa is hit by Joe Colborne and loses puck.
3:06 of 2nd period - Icing by Zbynek Michalek.
3:07 of 2nd period - Jiri Hudler wins face-off versus Derick Brassard in Predators zone.
3:39 of 2nd period - Shot by Jiri Hudler.
3:39 of 2nd period - Stopped by Pekka Rinne without a rebound.
3:40 of 2nd period - Nicklas Backstrom wins face-off versus Jay McClement in Predators zone.
3:42 of 2nd period - Minor Penalty to Max Pacioretty for Hooking.
3:43 of 2nd period - Nicklas Backstrom wins face-off versus Mike Fisher in Predators zone.
7:55 of 2nd period - Icing by Cody Franson.
7:56 of 2nd period - Mike Fisher wins face-off versus Nicklas Backstrom in Predators zone.
8:05 of 2nd period - Shot by Mike Fisher.
8:05 of 2nd period - Shot Misses the Net.
8:07 of 2nd period - Shot by Mike Fisher.
8:07 of 2nd period - Shot Blocked by Nicklas Backstrom.
8:17 of 2nd period - Shot by Mike Fisher.
8:17 of 2nd period - Stopped by Pekka Rinne without a rebound.
8:18 of 2nd period - Jiri Hudler wins face-off versus Derick Brassard in Predators zone.
8:19 of 2nd period - Shot by Michael Raffl.
8:19 of 2nd period - Stopped by Pekka Rinne with a rebound.
8:45 of 2nd period - Artem Anisimov is hit by Johnny Boychuk and loses puck.
8:52 of 2nd period - Shot by Artem Anisimov.
8:52 of 2nd period - Shot Blocked by Johnny Boychuk.
8:54 of 2nd period - Shot by Jaden Schwartz.
8:54 of 2nd period - Stopped by Antti Niemi without a rebound.
8:55 of 2nd period - Valtteri Filppula wins face-off versus Jay McClement in Blues zone.
10:33 of 2nd period - Icing by Oscar Klefbom.
10:34 of 2nd period - Jiri Hudler wins face-off versus Max Pacioretty in Predators zone.
10:39 of 2nd period - Shot by Jiri Hudler.
10:39 of 2nd period - Stopped by Pekka Rinne without a rebound.
10:40 of 2nd period - Jay McClement wins face-off versus Derick Brassard in Predators zone.
12:15 of 2nd period - Shot by J.T. Miller.
12:15 of 2nd period - Stopped by Antti Niemi without a rebound.
12:16 of 2nd period - Jiri Hudler wins face-off versus Nicklas Backstrom in Blues zone.
12:16 of 2nd period - Jiri Hudler is hit by Max Pacioretty.
12:44 of 2nd period - Shot by Max Pacioretty.
12:44 of 2nd period - Deflect By T.J. Oshie.
12:44 of 2nd period - Stopped by Antti Niemi without a rebound.
12:45 of 2nd period - Mike Fisher wins face-off versus Joe Colborne in Blues zone.
13:37 of 2nd period - Icing by Tyson Strachan.
13:38 of 2nd period - Nicklas Backstrom wins face-off versus Marian Hossa in Blues zone.
13:48 of 2nd period - Rick Nash is hit by Cody Franson and loses puck.
13:59 of 2nd period - Matt Irwin is hit by T.J. Oshie and loses puck.
14:14 of 2nd period - Double Minor Penalty to Cody Franson for Slashing.
14:15 of 2nd period - Jiri Hudler wins face-off versus Nicklas Backstrom in Predators zone.
14:29 of 2nd period - Icing by Matt Irwin.
14:30 of 2nd period - Nicklas Backstrom wins face-off versus Jiri Hudler in Blues zone.
14:36 of 2nd period - Jaden Schwartz is hit by Matt Irwin and loses puck.
14:41 of 2nd period - Shot by Jaden Schwartz.
14:41 of 2nd period - Deflect By Nicklas Backstrom.
14:41 of 2nd period - Stopped by Antti Niemi without a rebound.
14:42 of 2nd period - Nicklas Backstrom wins face-off versus Mike Fisher in Blues zone.
14:53 of 2nd period - Shot by Marian Hossa.
14:53 of 2nd period - Stopped by Pekka Rinne without a rebound.
14:54 of 2nd period - Jiri Hudler wins face-off versus Nicklas Backstrom in Predators zone.
15:07 of 2nd period - Shot by Johnny Boychuk.
15:07 of 2nd period - Shot Misses the Net.
15:09 of 2nd period - Shot by Matt Carle.
15:09 of 2nd period - Shot Misses the Net.
15:15 of 2nd period - Shot by Jussi Jokinen.
15:15 of 2nd period - Stopped by Pekka Rinne without a rebound.
15:16 of 2nd period - Mike Fisher wins face-off versus Jaden Schwartz in Predators zone.
15:50 of 2nd period - Shot by Carl Gunnarsson.
15:50 of 2nd period - Shot Blocked by Zbynek Michalek.
16:53 of 2nd period - Shot by Jiri Hudler.
16:53 of 2nd period - Shot Misses the Net.
16:55 of 2nd period - Shot by Matt Carle.
16:55 of 2nd period - Shot Misses the Net.
16:57 of 2nd period - Shot by Matt Carle.
16:57 of 2nd period - Shot Misses the Net.
17:09 of 2nd period - Shot by Johnny Boychuk.
17:09 of 2nd period - Goal by Johnny Boychuk - Blues : 3 - Predators : 1.
17:10 of 2nd period - Jay McClement wins face-off versus Valtteri Filppula in neutral zone.
17:35 of 2nd period - Icing by Cody Franson.
17:36 of 2nd period - Valtteri Filppula wins face-off versus Joakim Andersson in Predators zone.
17:55 of 2nd period - Shot by Jussi Jokinen.
17:55 of 2nd period - Stopped by Pekka Rinne without a rebound.
17:56 of 2nd period - Jay McClement wins face-off versus Derick Brassard in Predators zone.
18:03 of 2nd period - Shot by Jaden Schwartz.
18:03 of 2nd period - Stopped by Antti Niemi without a rebound.
18:04 of 2nd period - Derick Brassard wins face-off versus Jiri Hudler in Blues zone.
18:16 of 2nd period - Off-side.
18:17 of 2nd period - Nicklas Backstrom wins face-off versus Mike Fisher in neutral zone.
18:19 of 2nd period - Minor Penalty to Nicklas Backstrom for Tripping.
18:19 of 2nd period - Minor Penalty to Matt Irwin for Boarding.
18:20 of 2nd period - Derick Brassard wins face-off versus Mike Fisher in Blues zone.
18:38 of 2nd period - Icing by Johnny Boychuk.
18:39 of 2nd period - Derick Brassard wins face-off versus Mike Fisher in Blues zone.
19:05 of 2nd period - Shot by Max Pacioretty.
19:05 of 2nd period - Goal by Max Pacioretty - Blues : 3 - Predators : 2.
19:06 of 2nd period - Derick Brassard wins face-off versus Jiri Hudler in neutral zone.
19:31 of 2nd period - Icing by Matt Carle.
19:32 of 2nd period - T.J. Oshie wins face-off versus Jiri Hudler in Blues zone.
19:43 of 2nd period - Shot by Zach Bogosian.
19:43 of 2nd period - Shot Blocked by Mike Weaver.
Goals for this period are 2 for Blues vs 1 for Predators.
Shots for this period are 11 for Blues vs 7 for Predators.

3rd period


0:01 of 3rd period - Mike Fisher wins face-off versus Derick Brassard in neutral zone.
0:04 of 3rd period - Shot by Mike Fisher.
0:04 of 3rd period - Stopped by Pekka Rinne without a rebound.
0:05 of 3rd period - Mike Fisher wins face-off versus Derick Brassard in Predators zone.
0:23 of 3rd period - Minor Penalty to Zach Bogosian for Hooking.
0:24 of 3rd period - Nicklas Backstrom wins face-off versus Mike Fisher in Predators zone.
0:30 of 3rd period - Icing by Johnny Boychuk.
0:31 of 3rd period - Mike Fisher wins face-off versus Nicklas Backstrom in Blues zone.
0:43 of 3rd period - Icing by Johnny Boychuk.
0:44 of 3rd period - Nicklas Backstrom wins face-off versus Mike Fisher in Blues zone.
0:47 of 3rd period - Shot by Jaden Schwartz.
0:47 of 3rd period - Shot Misses the Net.
1:07 of 3rd period - Shot by Mike Fisher.
1:07 of 3rd period - Shot Misses the Net.
1:09 of 3rd period - Shot by Johnny Boychuk.
1:09 of 3rd period - Shot Blocked by Jaden Schwartz.
2:06 of 3rd period - Shot by Jiri Hudler.
2:06 of 3rd period - Stopped by Pekka Rinne without a rebound.
2:07 of 3rd period - Nicklas Backstrom wins face-off versus Mike Fisher in Predators zone.
2:16 of 3rd period - Shot by Rick Nash.
2:16 of 3rd period - Goal by Rick Nash - Blues : 4 - Predators : 2.
2:17 of 3rd period - Jay McClement wins face-off versus J.T. Miller in neutral zone.
2:28 of 3rd period - Shot by Clarke MacArthur.
2:28 of 3rd period - Stopped by Pekka Rinne with a rebound.
2:46 of 3rd period - Shot by Brandon Prust.
2:46 of 3rd period - Stopped by Antti Niemi without a rebound.
2:47 of 3rd period - Jiri Hudler wins face-off versus Nicklas Backstrom in Blues zone.
2:56 of 3rd period - Shot by T.J. Oshie.
2:56 of 3rd period - Stopped by Antti Niemi with a rebound.
3:01 of 3rd period - Off-side.
3:02 of 3rd period - Derick Brassard wins face-off versus Mike Fisher in neutral zone.
3:08 of 3rd period - Artem Anisimov is hit by Tyson Strachan and loses puck.
3:17 of 3rd period - Shot by Derick Brassard.
3:17 of 3rd period - Shot Misses the Net.
3:19 of 3rd period - Shot by Jaden Schwartz.
3:19 of 3rd period - Deflect By Derick Brassard.
3:19 of 3rd period - Shot Misses the Net.
3:27 of 3rd period - Shot by Artem Anisimov.
3:27 of 3rd period - Deflect By Derick Brassard.
3:27 of 3rd period - Goal by Derick Brassard - Blues : 4 - Predators : 3.
3:28 of 3rd period - Nicklas Backstrom wins face-off versus Jiri Hudler in neutral zone.
4:37 of 3rd period - Shot by Jaden Schwartz.
4:37 of 3rd period - Deflect By Derick Brassard.
4:37 of 3rd period - Shot Misses the Net.
4:39 of 3rd period - Shot by Roman Josi.
4:39 of 3rd period - Stopped by Antti Niemi without a rebound.
4:40 of 3rd period - Jay McClement wins face-off versus Valtteri Filppula in Blues zone.
5:02 of 3rd period - Shot by Clarke MacArthur.
5:02 of 3rd period - Shot Blocked by Zbynek Michalek.
6:08 of 3rd period - Icing by Matt Irwin.
6:09 of 3rd period - Nicklas Backstrom wins face-off versus Marian Hossa in Blues zone.
6:43 of 3rd period - Shot by T.J. Oshie.
6:43 of 3rd period - Shot Hit the Post.
7:44 of 3rd period - Shot by Jaden Schwartz.
7:44 of 3rd period - Shot Blocked by Carl Gunnarsson.
8:42 of 3rd period - Shot by Clarke MacArthur.
8:42 of 3rd period - Shot Misses the Net.
9:31 of 3rd period - Shot by Max Pacioretty.
9:31 of 3rd period - Stopped by Antti Niemi without a rebound.
9:32 of 3rd period - Derick Brassard wins face-off versus Jiri Hudler in Blues zone.
10:09 of 3rd period - Icing by Oscar Klefbom.
10:10 of 3rd period - Jay McClement wins face-off versus Derick Brassard in Predators zone.
10:29 of 3rd period - Shot by Lee Stempniak.
10:29 of 3rd period - Shot Misses the Net.
10:31 of 3rd period - Shot by Mike Weaver.
10:31 of 3rd period - Shot Blocked by Roman Josi.
10:33 of 3rd period - Shot by Lee Stempniak.
10:33 of 3rd period - Goal by Lee Stempniak - Blues : 5 - Predators : 3.
10:34 of 3rd period - Nicklas Backstrom wins face-off versus Cal Clutterbuck in neutral zone.
10:37 of 3rd period - Shot by T.J. Oshie.
10:37 of 3rd period - Shot Misses the Net.
10:48 of 3rd period - Icing by Anton Stralman.
10:49 of 3rd period - Nicklas Backstrom wins face-off versus Jiri Hudler in Predators zone.
10:49 of 3rd period - Nicklas Backstrom is hit by Michael Raffl.
11:22 of 3rd period - Jiri Hudler is hit by Max Pacioretty and loses puck.
12:29 of 3rd period - Artem Anisimov is hit by Johnny Boychuk and loses puck.
12:53 of 3rd period - Minor Penalty to Jay McClement for High sticking.
12:54 of 3rd period - Nicklas Backstrom wins face-off versus Mike Fisher in Blues zone.
13:51 of 3rd period - Shot by Jaden Schwartz.
13:51 of 3rd period - Stopped by Antti Niemi without a rebound.
13:52 of 3rd period - Derick Brassard wins face-off versus Mike Fisher in Blues zone.
14:03 of 3rd period - Shot by Jaden Schwartz.
14:03 of 3rd period - Stopped by Antti Niemi with a rebound.
14:09 of 3rd period - Shot by Jaden Schwartz.
14:09 of 3rd period - Stopped by Antti Niemi with a rebound.
14:11 of 3rd period - Shot by Roman Josi.
14:11 of 3rd period - Shot Misses the Net.
14:13 of 3rd period - Shot by Roman Josi.
14:13 of 3rd period - Stopped by Antti Niemi without a rebound.
14:14 of 3rd period - Mike Fisher wins face-off versus Nicklas Backstrom in Blues zone.
15:11 of 3rd period - Minor Penalty to Mike Weaver for Interference.
15:12 of 3rd period - Derick Brassard wins face-off versus Jiri Hudler in Blues zone.
15:45 of 3rd period - Shot by Jaden Schwartz.
15:45 of 3rd period - Shot Misses the Net.
15:47 of 3rd period - Shot by Jaden Schwartz.
15:47 of 3rd period - Goal by Jaden Schwartz - Blues : 5 - Predators : 4.
15:48 of 3rd period - Mike Fisher wins face-off versus Vladislav Namestnikov in neutral zone.
15:53 of 3rd period - Roman Josi is hit by Mike Fisher and loses puck.
16:07 of 3rd period - Off-side.
16:08 of 3rd period - Jay McClement wins face-off versus Valtteri Filppula in neutral zone.
16:23 of 3rd period - Shot by Lee Stempniak.
16:23 of 3rd period - Goal by Lee Stempniak - Blues : 6 - Predators : 4.
16:24 of 3rd period - Mike Fisher wins face-off versus Derick Brassard in neutral zone.
16:35 of 3rd period - Shot by Rick Nash.
16:35 of 3rd period - Shot Blocked by Jaden Schwartz.
16:38 of 3rd period - Icing by Roman Josi.
16:39 of 3rd period - Derick Brassard wins face-off versus Jiri Hudler in Predators zone.
17:05 of 3rd period - Shot by Roman Josi.
17:05 of 3rd period - Stopped by Antti Niemi without a rebound.
17:06 of 3rd period - Marian Hossa wins face-off versus Nicklas Backstrom in Blues zone.
17:06 of 3rd period - Marian Hossa is hit by T.J. Oshie.
17:13 of 3rd period - Marian Hossa is hit by Zach Bogosian and loses puck.
17:18 of 3rd period - Shot by Mike Fisher.
17:18 of 3rd period - Stopped by Pekka Rinne without a rebound.
17:19 of 3rd period - Valtteri Filppula wins face-off versus Jay McClement in Predators zone.
17:27 of 3rd period - Minor Penalty to Zbynek Michalek for Hooking.
17:28 of 3rd period - Nicklas Backstrom wins face-off versus Mike Fisher in Predators zone.
18:08 of 3rd period - Icing by Johnny Boychuk.
18:09 of 3rd period - Nicklas Backstrom wins face-off versus Mike Fisher in Blues zone.
18:41 of 3rd period - Shot by Jiri Hudler.
18:41 of 3rd period - Shot Misses the Net.
18:45 of 3rd period - Shot by Jiri Hudler.
18:45 of 3rd period - Shot Misses the Net.
18:47 of 3rd period - Shot by Matt Irwin.
18:47 of 3rd period - Shot Misses the Net.
18:49 of 3rd period - Shot by Jiri Hudler.
18:49 of 3rd period - Stopped by Pekka Rinne without a rebound.
18:50 of 3rd period - Jiri Hudler wins face-off versus Nicklas Backstrom in Predators zone.
19:13 of 3rd period - Shot by Jussi Jokinen.
19:13 of 3rd period - Shot Misses the Net.
19:15 of 3rd period - Shot by Jiri Hudler.
19:15 of 3rd period - Stopped by Pekka Rinne without a rebound.
19:16 of 3rd period - Mike Fisher wins face-off versus Valtteri Filppula in Predators zone.
19:23 of 3rd period - Shot by Marian Hossa.
19:23 of 3rd period - Shot Misses the Net.
19:25 of 3rd period - Shot by Matt Carle.
19:25 of 3rd period - Stopped by Pekka Rinne without a rebound.
19:26 of 3rd period - Valtteri Filppula wins face-off versus Mike Fisher in Predators zone.
19:49 of 3rd period - Shot by Vladislav Namestnikov.
19:49 of 3rd period - Stopped by Antti Niemi without a rebound.
19:50 of 3rd period - Valtteri Filppula wins face-off versus Jiri Hudler in Blues zone.
Goals for this period are 3 for Blues vs 2 for Predators.
Shots for this period are 10 for Blues vs 12 for Predators.